 Dungeon Crawl Stone Soup version 0.27.1-34-g3ba077fa99 (webtiles) character file.

Game seed: 16651064020013506706

26811 KamiKatze the Blocker (level 13, -11/76 HPs)
             Began as a Gargoyle Fighter on Jan 10, 2022.
             Was a High Priest of Okawaru.
             Mangled by a komodo dragon (12 damage)
             ... on level 3 of the Lair of Beasts on Jan 11, 2022.
             The game lasted 00:56:04 (14980 turns).

KamiKatze the Blocker (Gargoyle Fighter)           Turns: 14980, Time: 00:56:04

Health: -11/76     AC: 29    Str: 25    XL:     13   Next: 28%
Magic:  17/17      EV:  9    Int:  9    God:    Okawaru [*****.]
Gold:   634        SH: 14    Dex: 15    Spells: 12/12 levels left

rFire    . . .     SeeInvis .   a - +1 war axe (vorpal)
rCold    . . .     Faith    .   c - +0 kite shield
rNeg     + . .     Spirit   .   b - +0 scale mail
rPois    ∞         Reflect  .   t - +1 helmet
rElec    +         Harm     .   G - +0 cloak
rCorr    .         Rampage  .   C - +2 pair of gloves
Will     .....                  g - +0 pair of boots
Stlth    ..........             (no amulet)
HPRegen  0.22/turn              n - +6 ring of dexterity
MPRegen  0.15/turn              J - +4 ring of protection

@: no status effects
A: sickness immunity, AC +9, negative energy resistance 1, electricity
resistance, torment resistance 1, petrification resistance
a: Renounce Religion, Heroism, Finesse


You were on level 3 of the Lair of Beasts.
You worshipped Okawaru.
Okawaru was extremely pleased with you.
You visited 3 branches of the dungeon, and saw 14 of its levels.
You also visited: Sewer.

You collected 634 gold pieces.

Inventory:

Hand Weapons
 a - a +1 vorpal war axe (weapon)
 h - a +2 vorpal broad axe
 l - a +2 whip of venom
 v - a +0 war axe
 w - a +1 flail of protection
 N - a +1 hand axe of electrocution
Missiles
 e - 76 stones (quivered)
 k - 64 poisoned darts
 q - 2 curare-tipped darts
Armour
 b - a +0 scale mail (worn)
 c - a +0 kite shield (worn)
 g - a +0 pair of boots (worn)
 t - a +1 helmet (worn)
 C - a +2 pair of gloves (worn)
 E - a +0 chain mail
 G - a +0 cloak (worn)
 H - a +2 hat of see invisible
Jewellery
 n - a +6 ring of dexterity (left hand)
 o - a +6 ring of intelligence
 B - a ring of flight
 J - a +4 ring of protection (right hand)
 L - a +4 ring of protection
Wands
 i - a wand of acid (9)
 I - a wand of polymorph (10)
 M - a wand of iceblast (16)
Scrolls
 f - 4 scrolls of enchant armour {unknown}
 j - 2 scrolls of brand weapon
 r - 2 scrolls of summoning {unknown}
 s - 3 scrolls of enchant weapon
 u - a scroll of fear {unknown}
 x - 3 scrolls of immolation {unknown}
 y - 3 scrolls of teleportation
 z - 3 scrolls of fog {unknown}
 A - 5 scrolls of blinking {unknown}
 D - 2 scrolls of noise {unknown}
Potions
 d - 4 potions of might
 m - a potion of cancellation
 p - a potion of lignification
 F - 2 potions of brilliance
 K - 9 potions of ambrosia
 O - a potion of berserk rage


   Skills:
 + Level 7.1 Fighting
 * Level 13.8 Axes
 + Level 7.0 Armour
 * Level 14.2 Shields
 + Level 5.8 Invocations
 * Level 2.0 Evocations


You had 12 spell levels left.
You didn't know any spells.
Your spell library contained the following spells:

 Spells                   Type           Power      Damage    Failure   Level
 Corona                   Hex            0%         N/A       67%         1
 Magic Dart               Conj           0%         1d3       67%         1
 Shock                    Conj/Air       0%         1d3       67%         1
 Call Imp                 Summ           0%         N/A       82%         2
 Ensorcelled Hibernation  Hex/Ice        0%         N/A       82%         2
 Wereblood                Tmut           0%         N/A       82%         2
 Call Canine Familiar     Summ           0%         N/A       96%         3
 Dazzling Flash           Conj/Hex       0%         N/A       96%         3
 Gell's Gravitas          Tloc           0%         N/A       96%         3
 Mephitic Cloud           Conj/Pois/Air  0%         N/A       96%         3
 Portal Projectile        Hex/Tloc       0%         N/A       96%         3
 Swiftness                Air            0%         N/A       96%         3
 Teleport Other           Tloc           0%         N/A       96%         3
 Tukima's Dance           Hex            0%         N/A       96%         3
 Airstrike                Air            0%         N/A       100%        4
 Leda's Liquefaction      Hex/Erth       0%         N/A       100%        4
 Agony                    Necr           0%         N/A       100%        5
 Silence                  Hex/Air        0%         N/A       100%        5
 Dispersal                Tloc           0%         N/A       100%        6
 Summon Hydra             Summ           0%         N/A       100%        7
 Sublimation of Blood     Necr           Unusable   N/A       N/A         2

Dungeon Overview and Level Annotations

Branches:
Dungeon (10/15)            Temple (1/1) D:7            Lair (3/6) D:8
 Spider (0/4) Lair:3          Orc (0/2) D:9           Sewer (visited)
  Swamp: Lair:2-4    Shoals: Lair:2-4

Altars:
Ashenzari
Cheibriados
Dithmenos
Elyvilon
Fedhas
Gozag
Hepliaklqana
Kikubaaqudgha
Makhleb
Nemelex Xobeh
Okawaru
Qazlal
Ru
Sif Muna
Trog
Uskayaw
Vehumet
Wu Jian
Xom
Yredelemnul
Zin
The Shining One

Annotations:
D:3 3 runed translucent doors, exclusion: 3 doors, Stajl's ghost, novice MiFi
D:7 3 runed translucent doors, exclusion: 3 doors, Tali's ghost, novice DsBe
D:10 1 runed translucent door


Innate Abilities, Weirdness & Mutations

You are immune to sickness and miasma.
Your stone body is resilient. (AC +9)
You are immune to poison.
You resist negative energy. (rN+)
You are resistant to electric shocks. (rElec)
You are resistant to unholy torment.
You are immune to petrification.


Message History

The cane toad stings you but does no damage.
You closely miss the wolf spider.
The wolf spider is almost dead.
You slash the black mamba! You hit the cane toad. The black mamba bites you.
The wolf spider hits you but does no damage.
You block the wolf spider's attack.
Something bites the plant.
The plant begins to die.
The black mamba closely misses you. The cane toad stings you.
You block the wolf spider's attack. The wolf spider bites you!
* * * LOW HITPOINT WARNING * * *
You are too injured to fight recklessly!
You are too injured to fight recklessly!
Unknown command.
You are too injured to fight recklessly!
You slash the wolf spider!
You kill the wolf spider!
Okawaru accepts your kill.
You miss the black mamba. You slash the cane toad!
The black mamba bites you but does no damage.
You block the cane toad's attack.
Your Evocations skill increases to level 2!
You closely miss the komodo dragon.
The komodo dragon is almost dead.
You hit the black mamba but do no damage.
You hit the cane toad. You block the black mamba's attack. x2
The komodo dragon bites you!
* * * LOW HITPOINT WARNING * * *
The cane toad stings you!
* * * LOW HITPOINT WARNING * * *
You hit the komodo dragon but do no damage.
The komodo dragon is almost dead.
You slash the cane toad!
You kill the cane toad!
Okawaru accepts your kill.
You miss the black mamba.
A nearby plant withers and dies.
The black mamba bites you!
* * * LOW HITPOINT WARNING * * *
A basilisk comes into view.
The komodo dragon bites you!
You die...

###.........
.........................
.........................
.........................
##.#.....................
####.....................
####.....................
.##.............†S†......
..##............@lS......
.###............##......P
..#.............#


P...PPP #.##............# #..PPPP ###.............# P.PPPP ##.#............#
P.PPPP ................# ..PlP ###.############# P...P # ### You could see a
komodo dragon, a black mamba, a basilisk (wandering) and an adder.

Vanquished Creatures
  Gastronok (Lair:1)
  A hydra (Lair:2)
  A catoblepas (Lair:3)
  A two-headed ogre (D:10)
  3 death yaks (D:8)
  A wolf spider (Lair:3)
  3 black mambas
  6 cane toads
  4 komodo dragons
  2 rime drakes
  A troll (D:9)
  A queen bee (Lair:2)
  A polar bear (Lair:1)
  14 blink frogs
  Prince Ribbit (D:9)
  2 wraiths (D:10)
  2 wyverns
  A basilisk (Lair:2)
  33 yaks
  Grum (Lair:1)
  A steam dragon (D:7)
  Edmund (D:5)
  5 water moccasins
  3 orc warriors
  2 black bears
  A sky beast (D:5)
  An ice beast (D:5)
  2 necrophages
  20 wolves
  4 ogres
  10 bullfrogs
  5 kobold brigands
  A gnoll sergeant (D:9)
  A water moccasin zombie (D:4)
  A wyvern zombie (D:8)
  2 scorpions
  29 killer bees
  3 electric eels (Lair:3)
  2 centaur zombies
  A bullfrog zombie (D:6)
  A jelly (D:7)
  7 hounds
  5 orc priests
  A gnoll shaman (D:9)
  Jessica (D:2)
  2 iguanas
  11 orc wizards
  A scorpion zombie (D:4)
  Natasha (thrice) (D:3)
  Terence (D:3)
  A killer bee zombie (D:7)
  A hound zombie (D:4)
  3 howler monkey zombies
  10 gnolls (D:9)
  A howler monkey skeleton (D:7)
  18 adders
  2 white imps
  2 ufetubi
  An adder zombie (D:4)
  4 worms
  45 orcs
  3 ball pythons
  6 endoplasms
  4 giant cockroaches
  6 goblins
  6 hobgoblins
  3 jackals (D:2)
  32 kobolds
  2 quokkas
  5 bats
  4 frilled lizards
  9 rats
  A bush (D:3)
377 creatures vanquished.

Vanquished Creatures (others)
  An orc wizard (D:4)
  25 fungi
  42 plants
68 creatures vanquished.

Grand Total: 445 creatures vanquished

Notes
Turn   | Place    | Note
-------+----------+-------------------------------------------
     0 | D:1      | KamiKatze the Gargoyle Fighter began the quest for the Orb.
     0 | D:1      | Reached XP level 1. HP: 14/14 MP: 1/1
   197 | D:1      | Reached XP level 2. HP: 19/19 MP: 2/2
   996 | D:2      | Reached XP level 3. HP: 13/23 MP: 3/3
  1121 | D:2      | Noticed Jessica
  1146 | D:2      | Killed Jessica
  1147 | D:2      | Reached skill level 4 in Shields
  1147 | D:2      | Reached XP level 4. HP: 24/28 MP: 4/4
  1901 | D:3      | Found a runed translucent gate.
  1901 | D:3      | Found a runed translucent gate.
  1901 | D:3      | Found a runed translucent gate.
  1987 | D:3      | Found a hazy altar of Hepliaklqana.
  1990 | D:3      | Noticed Natasha
  1999 | D:3      | Killed Natasha
  2000 | D:3      | Reached XP level 5. HP: 29/32 MP: 5/5
  2231 | D:3      | Found a faded altar of an unknown god.
  2297 | D:3      | Found a glowing drain.
  2307 | Sewer    | Entered a sewer
  2450 | Sewer    | Noticed a kobold brigand
  2475 | Sewer    | Killed a kobold brigand
  2476 | Sewer    | Reached XP level 6. HP: 22/37 MP: 6/6
  2736 | Sewer    | Reached skill level 5 in Axes
  2736 | Sewer    | Reached skill level 5 in Shields
  2919 | Sewer    | Reached XP level 7. HP: 41/41 MP: 7/7
  2922 | Sewer    | Gained mutation: You expend magic power (3 MP) to
                  | strengthen your wands. [potion of mutation]
  2922 | Sewer    | Lost mutation: You expend magic power (3 MP) to strengthen
                  | your wands. [potion of mutation]
  2930 | D:3      | Noticed Natasha
  2938 | D:3      | Killed Natasha
  3009 | D:3      | Noticed Natasha
  3016 | D:3      | Killed Natasha
  3026 | D:3      | Noticed Terence
  3032 | D:3      | Killed Terence
  3173 | D:3      | Noticed Stajl's ghost (novice MiFi)
  3649 | D:4      | Reached XP level 8. HP: 46/46 MP: 8/8
  4302 | D:4      | Reached skill level 6 in Shields
  4401 | D:4      | Found a basalt altar of Yredelemnul.
  4556 | D:5      | Entered Level 5 of the Dungeon
  4741 | D:5      | Reached skill level 7 in Shields
  4741 | D:5      | Reached XP level 9. HP: 52/52 MP: 9/9
  4842 | D:5      | Noticed Edmund
  4866 | D:5      | Killed Edmund
  5343 | D:6      | Reached skill level 8 in Shields
  5630 | D:6      | Found a broken altar of Ashenzari.
  6439 | D:7      | Reached skill level 9 in Shields
  6598 | D:7      | Found a staircase to the Ecumenical Temple.
  6605 | Temple   | Entered the Ecumenical Temple
  6778 | Temple   | Became a worshipper of Warmaster Okawaru
  6809 | D:7      | Found a runed translucent gate.
  6811 | D:7      | Found a runed translucent gate.
  6811 | D:7      | Found a runed translucent gate.
  6818 | D:7      | Noticed Tali's ghost (novice DsBe)
  6885 | D:7      | Reached XP level 10. HP: 51/56 MP: 10/10
  7088 | D:7      | Reached skill level 10 in Shields
  7383 | D:7      | Found a burning altar of Makhleb.
  7679 | D:8      | Noticed a death yak
  7694 | D:8      | Killed a death yak
  7694 | D:8      | Reached * piety under Okawaru
  7697 | D:8      | Noticed a death yak
  7698 | D:8      | Noticed a death yak
  7699 | D:8      | Reached skill level 11 in Shields
  7704 | D:8      | Killed a death yak
  7704 | D:8      | Reached ** piety under Okawaru
  7724 | D:8      | HP: 1/56 [death yak (11)]
  7725 | D:8      | Killed a death yak
  7729 | D:8      | HP: 1/56 [yak (4)]
  7755 | D:7      | Reached *** piety under Okawaru
  7756 | D:7      | Reached skill level 12 in Shields
  7933 | D:8      | Found a staircase to the Lair.
  8271 | D:8      | Reached XP level 11. HP: 60/60 MP: 11/11
  8674 | D:9      | Noticed Prince Ribbit
  8702 | D:9      | Killed Prince Ribbit
  8861 | D:9      | Reached skill level 1 in Invocations
  9132 | D:9      | Found a staircase to the Orcish Mines.
  9688 | D:10     | Entered Level 10 of the Dungeon
  9710 | D:10     | Found a runed translucent door.
  9798 | D:10     | Found a hide-covered altar of Uskayaw.
 10014 | D:10     | Found a shimmering altar of Xom.
 10157 | D:10     | Noticed a two-headed ogre
 10190 | D:10     | Killed a two-headed ogre
 10190 | D:10     | Reached **** piety under Okawaru
 10475 | Lair:1   | Entered Level 1 of the Lair of Beasts
 10496 | Lair:1   | Noticed Grum
 10765 | Lair:1   | Killed Grum
 10893 | Lair:1   | Reached skill level 5 in Fighting
 10897 | Lair:1   | Reached ***** piety under Okawaru
 10898 | Lair:1   | Reached skill level 5 in Armour
 11589 | Lair:1   | Received a gift from Okawaru
 11590 | Lair:1   | Reached skill level 13 in Shields
 11630 | Lair:1   | Reached XP level 12. HP: 68/68 MP: 14/14
 11669 | Lair:1   | Noticed Gastronok
 11774 | Lair:1   | Killed Gastronok
 13030 | Lair:2   | Noticed a four-headed hydra
 13044 | Lair:2   | Received a gift from Okawaru
 13433 | Lair:2   | Reached skill level 5 in Invocations
 13889 | Lair:2   | Received a gift from Okawaru
 13891 | Lair:2   | Reached skill level 14 in Shields
 13900 | Lair:2   | Reached XP level 13. HP: 62/76 MP: 17/17
 14431 | Lair:3   | Reached skill level 1 in Evocations
 14518 | Lair:3   | Found a hole to the Spider Nest.
 14980 | Lair:3   | HP: 1/76 [black mamba (7)]
 14980 | Lair:3   | Mangled by a komodo dragon

Illustrated notes

Levels and vault maps discovered:
D:1:      minmay_arrival_solitary_statue, layout_basic
D:2:      cheibrodos_helix_gallery, layout_loops_ring, kennysheep_pointless_box,
          small_statue_intersection, grunt_ministairs_3, skrybe_limestone_x,
          uniq_jessica
D:3:      layout_basic, nicolae_hepliaklqana_hazy_memory,
          shapermc_ecumenical_altar_pompeii, gammafunk_ghost_necromancy,
          portal_sewer_entry_d, lexackson_kobold_supper, uniq_natasha,
          uniq_terence
D:4:      layout_loops_cross, nicolae_yredelemnul_corpse_copse,
          kennysheep_generic_room_7
D:5:      layout_basic, minmay_increasing_density, uniq_edmund
D:6:      layout_basic, cheibrodos_ashenzari_chains, roderic_roman_lattice
D:7:      minmay_inner_zag, layout_loops_corners, makhleb_heckhound_becter,
          minmay_temple_entry_junction_2, gammafunk_ghost_necromancy,
          chequers_serial_rivers_large_a
D:8:      layout_gridville, dpeg_lair_monsters, hangedman_decor_push
D:9:      layout_basic, orc_0_dummy, item_on_display_a, uniq_prince_ribbit1
D:10:     due_megacathedral, layout_rooms, mainiacjoe_overflow_boulevard,
          amcnicky_altar_gilded
Temple:   nicolae_temple_elliptical
Lair:1:   beast_lair_carwin_large_4, layout_big_grid,
          portal_ice_cave_entry_pillars_1, uniq_grum, uniq_gastronok
Lair:2:   layout_roguey [special_room_bee], minivault_19,
          infiniplex_staircase_pool
Lair:3:   minmay_lair_venomous_thicket, layout_regular_city, swamp_mist,
          dummy_spider_entry, serial_bayou_pond_a, serial_bayou_shore_a

Skill      XL: |  1  2  3  4  5  6  7  8  9 10 11 12 13 |
---------------+----------------------------------------+-----
Axes           | 2 3 4 12 13 | 13.8
Shields        | 4 5 7 9 12 13 14 | 14.2
Fighting       | 5 6 7 |  7.1
Invocations    | 3 5 |  5.8
Armour         | 5 6 7 |  7.0
Evocations     | 2 |  2.0

Action                   |  1- 3 |  4- 6 |  7- 9 | 10-12 | 13-15 || total
-------------------------+-------+-------+-------+-------+-------++-------
Melee: War axe           |    64 |   155 |   357 |   740 |   124 ||  1440
       Flail             |       |       |       |       |     5 ||     5
Throw: Dart              |       |       |     5 |    21 |       ||    26
Invok: Heroism           |       |       |       |     2 |       ||     2
Evoke: Wand              |       |       |       |       |     2 ||     2
  Use: Scroll            |       |     5 |     2 |     1 |     1 ||     9
       Potion            |       |     1 |     3 |     9 |       ||    13
Armor: Scale mail        |    38 |    79 |   130 |   317 |    62 ||   626
Dodge: Dodged            |    22 |    38 |    76 |   249 |    28 ||   413
Block: Kite shield       |    23 |   101 |   163 |   514 |    85 ||   886
